 Dungeon Crawl Stone Soup version 0.27.1-4-g1640c2035a (webtiles) character file.

Game seed: 12325918450656291053

219325 TheGamechu the Warrior (level 18, -3/172 HPs)
             Began as a Minotaur Fighter on Nov 4, 2021.
             Was the Champion of Qazlal.
             Slain by a sixfirhy (9 damage)
             ... on level 4 of the Swamp on Nov 16, 2021.
             The game lasted 02:14:46 (33869 turns).

TheGamechu the Warrior (Minotaur Fighter)          Turns: 33869, Time: 02:14:50

Health: -3/172     AC: 25    Str: 21    XL:     18   Next: 44%
Magic:  19/23      EV:  7    Int:  5    God:    Qazlal [******]
Gold:   340        SH: 23    Dex: 24    Spells: 17/17 levels left

rFire    . . .     SeeInvis +   M - +0 broad axe (spect)
rCold    . . .     Faith    .   c - +0 kite shield
rNeg     . . .     Spirit   .   Z - +3 plate armour {rPois}
rPois    +         Reflect  .   a - +1 hat
rElec    +         Harm     .   D - +2 cloak {Will+}
rCorr    .         Rampage  .   h - +0 pair of gloves
Will     ++...                  n - +0 pair of boots
Stlth    ..........             C - amulet of regeneration
HPRegen  1.38/turn              i - ring of see invisible
MPRegen  0.18/turn              q - +6 ring of dexterity

@: about to teleport, protected from electricity, studying Evocations, repel
missiles, very slow
A: horns 2, retaliatory headbutt
}: 1/15 runes: serpentine
a: Renounce Religion, Upheaval, Elemental Force, Disaster Area


You were on level 4 of the Swamp.
You worshipped Qazlal.
Qazlal was exalted by your worship.
You visited 6 branches of the dungeon, and saw 28 of its levels.
You also visited: Ossuary and Ice Cave.

You collected 3520 gold pieces.
You spent 3180 gold pieces at shops.

Inventory:

Hand Weapons
 s - a +5 flail
 M - a +0 spectral broad axe (weapon)
Missiles
 b - 8 silver boomerangs
 r - 21 boomerangs (quivered)
 t - 102 poisoned darts
 L - 12 curare-tipped darts
 Q - 2 javelins
 S - 4 throwing nets
Armour
 a - a +1 hat (worn)
 c - a +0 kite shield (worn)
 h - a +0 pair of gloves (worn)
 n - a +0 pair of boots (worn)
 z - the +0 buckler "Baol" {rElec Will+++ Str-3 SInv}
   (You acquired it on level 2 of the Swamp)

   Str:       It affects your strength (-3).
   rElec:     It insulates you from electricity.
   SInv:      It lets you see invisible.
   Will:      It greatly increases your willpower.
 D - a +2 cloak of willpower (worn)
 Z - a +3 plate armour of poison resistance (worn)
Jewellery
 e - a ring of ice
 i - a ring of see invisible (left hand)
 q - a +6 ring of dexterity (right hand)
 y - a ring of protection from fire
 C - an amulet of regeneration (around neck)
 P - the ring "Hiojefei" {rN+ Dex+3}
   (You found it on level 10 of the Dungeon)

   [ring of positive energy]

   Dex:       It affects your dexterity (+3).
   rN:        It protects you from negative energy.
Wands
 o - a wand of digging (9)
 x - a wand of acid (11)
 B - a wand of iceblast (33)
 H - a wand of paralysis (19)
 Y - a wand of charming (7)
Scrolls
 k - 2 scrolls of fog
 u - 5 scrolls of magic mapping
 v - 7 scrolls of teleportation
 A - 4 scrolls of enchant weapon
 E - 10 scrolls of identify
 F - 3 scrolls of blinking
 G - 4 scrolls of holy word
 N - 2 scrolls of summoning
 O - 2 scrolls of brand weapon
 R - a scroll of fear
 V - a scroll of enchant armour
Potions
 d - 4 potions of might
 f - 11 potions of curing
 g - a potion of haste
 j - 3 potions of heal wounds
 l - 4 potions of flight
 m - 5 potions of berserk rage
 p - 7 potions of mutation
 w - a potion of magic
 K - a potion of resistance
 X - a potion of cancellation
Miscellaneous
 I - a lightning rod (4/4)
 U - a box of beasts
 W - a condenser vane (inert)


   Skills:
 + Level 18.3 Fighting
 - Level 18.0 Axes
 + Level 16.0 Throwing
 - Level 11.0 Armour
 - Level 15.0 Shields
 - Level 8.0 Invocations
 + Level 11.9 Evocations


You had 17 spell levels left.
You didn't know any spells.
Your spell library contained the following spells:

 Spells                   Type           Power      Damage    Failure   Level
 Apportation              Tloc           0%         N/A       100%        1
 Freeze                   Ice            0%         1d3       100%        1
 Magic Dart               Conj           0%         1d3       100%        1
 Sandblast                Erth           0%         2d4       100%        1
 Summon Small Mammal      Summ           0%         N/A       100%        1
 Blink                    Tloc           N/A        N/A       100%        2
 Call Imp                 Summ           0%         N/A       100%        2
 Passwall                 Tmut/Erth      0%         N/A       100%        2
 Call Canine Familiar     Summ           0%         N/A       100%        3
 Conjure Flame            Conj/Fire      0%         6-21      100%        3
 Frozen Ramparts          Ice            0%         1d2       100%        3
 Ignite Poison            Fire/Tmut/Pois 0%         N/A       100%        3
 Lesser Beckoning         Tloc           0%         N/A       100%        3
 Mephitic Cloud           Conj/Pois/Air  0%         N/A       100%        3
 Ozocubu's Armour         Ice            0%         N/A       100%        3
 Portal Projectile        Hex/Tloc       0%         N/A       100%        3
 Summon Guardian Golem    Hex/Summ       0%         N/A       100%        3
 Swiftness                Air            0%         N/A       100%        3
 Tukima's Dance           Hex            0%         N/A       100%        3
 Animate Dead             Necr           0%         N/A       100%        4
 Hailstorm                Conj/Ice       0%         3d3       100%        4
 Olgreb's Toxic Radiance  Pois           0%         N/A       100%        4
 Passage of Golubria      Tloc           N/A        N/A       100%        4
 Sticky Flame             Conj/Fire      0%         2d3       100%        4
 Summon Ice Beast         Ice/Summ       0%         N/A       100%        4
 Summon Lightning Spire   Summ/Air       0%         N/A       100%        4
 Alistair's Intoxication  Tmut/Pois      0%         N/A       100%        5
 Blade Hands              Tmut           0%         N/A       100%        5
 Borgnjor's Vile Clutch   Necr/Erth      0%         N/A       100%        5
 Excruciating Wounds      Necr           0%         N/A       100%        5
 Lee's Rapid Deconstruct  Erth           0%         3d5*      100%        5
 Manifold Assault         Tloc           0%         N/A       100%        5
 Summon Mana Viper        Hex/Summ       0%         N/A       100%        5
 Yara's Violent Unravell  Hex/Tmut       0%         3d3       100%        5
 Conjure Ball Lightning   Conj/Air       0%         3x3d6     100%        6
 Death Channel            Necr           0%         N/A       100%        6
 Invisibility             Hex            0%         N/A       100%        6
 Monstrous Menagerie      Summ           0%         N/A       100%        7
 Ozocubu's Refrigeration  Ice            0%         4d5       100%        7
 Storm Form               Tmut/Air       0%         N/A       100%        7
 Discord                  Hex            0%         N/A       100%        8
 Disjunction              Tloc           0%         N/A       100%        8
 Ignition                 Fire           0%         3d3       100%        8
 Maxwell's Capacitive Co  Air            0%         ∞         100%        8


Dungeon Overview and Level Annotations

Branches:
Dungeon (11/15)            Temple (1/1) D:5            Lair (6/6) D:8
  Swamp (4/4) Lair:3        Snake (4/4) Lair:4        Slime (0/5) Lair:6
    Orc (2/2) D:9             Elf (0/3) Orc:2       Ossuary (visited)
  IceCv (visited)

Altars:
Ashenzari
Cheibriados
Dithmenos
Elyvilon
Fedhas
Gozag
Hepliaklqana
Kikubaaqudgha
Makhleb
Nemelex Xobeh
Okawaru
Qazlal
Ru
Sif Muna
Trog
Uskayaw
Vehumet
Wu Jian
Xom
Yredelemnul
Zin
The Shining One
Beogh
Jiyva

Shops:
D:6 ?   Orc:1 (   Orc:2 [([[*   Snake:2 !   Snake:3 ?

Annotations:
Snake:2 2 transporters, Urokeeper's ghost, adept MiFi


Innate Abilities, Weirdness & Mutations

You have a pair of horns on your head.
You reflexively headbutt those who attack you in melee.


Message History

The death drake seems to slow down.
You block the death drake's attack.
The ogre mage is engulfed in freezing vapours.
The ogre mage gestures wildly while chanting.
The ogre mage flickers and vanishes for a moment.
The spriggan air mage is engulfed in freezing vapours.
The spriggan air mage points at you and mumbles some strange words.
The bolt of lightning hits you!!!
* * * LOW HITPOINT WARNING * * *
Blink to where?
Press: ? - help, Dir - move target, p - shambling mangrove You escape the roots' grasp.
As you read the scroll of blinking, it crumbles to dust.
The bunyip is engulfed in freezing vapours.
Qazlal accepts your kill.
You hear a splash.
You feel a bit more experienced.
The bunyip is engulfed in freezing vapours.
The bunyip howls a warning cry!
You hear a shout!
The bunyip is engulfed in freezing vapours.
The bunyip howls a warning cry!
You see here a death drake corpse.
You block the bunyip's attack. The bunyip claws you.
* * * LOW HITPOINT WARNING * * *
The bunyip claws you!!
* * * LOW HITPOINT WARNING * * *
You feel more protected from physical attacks.
Blink to where?
Press: ? - help, Dir - move target
As you read the scroll of blinking, it crumbles to dust.
As you read the scroll of teleportation, it crumbles to dust.
You feel strangely unstable.
You enter the shallow water.
Moving in this stuff is going to be slow.
The sixfirhy hits you.
* * * LOW HITPOINT WARNING * * *
The sixfirhy shocks you!
Your resistance to physical damage fades away.
You feel protected from electricity.
You die...

≈≈≈♣ ##..≈x..≈... ..≈♣
##≈≈...≈....§ ..≈♣♣♣
♣.≈..≈...≈≈.≈ .≈≈≈≈♣
♣♣...≈....≈≈.≈ .≈≈≈≈♣
♣≈≈.≈.....♣♣.. ≈≈≈..♣♣♣
♣♣♣..≈†...≈♣.♣. ≈≈≈≈..≈≈§
♣♣♣≈♣.[.≈.≈...≈..
≈≈≈≈.≈≈≈≈.♣♣♣♣♣♣♣..≈....°.♣♣.....
≈♣..≈.≈≈≈≈♣♣..♣.@3[.♣.°≈§≈≈♣♣♣≈♣♣
.♣♣♣♣♣♣≈≈.♣.≈.○§≈.♣♣♣♣≈≈♣..♣♣.♣♣
....♣♣♣.≈≈...§≈≈≈♣≈≈≈≈≈≈≈.≈..≈.♣
.≈≈≈≈♣≈≈≈≈≈...≈†.♣≈≈≈≈..♣≈≈....♣
..≈≈.≈≈≈≈≈≈≈.≈..♣♣≈≈≈♣.♣♣...♣.♣♣
...<≈≈≈≈≈≈≈≈.♣♣♣♣♣♣...♣♣♣♣.♣♣♣♣♣
.♣..≈≈..≈.≈≈.♣ ♣♣♣......§.♣.♣♣
♣♣♣♣....♣≈.♣♣♣ ♣♣.≈.♣.≈.≈..♣
♣♣♣♣♣♣♣♣♣ ♣♣♣♣♣♣♣≈♣.♣♣


You could see a sixfirhy.

Vanquished Creatures
  A tentacled monstrosity (Swamp:4)
  Frances (Lair:4)
  4 thorn hunters
  Donald (Lair:3)
  7 nagarajas
  Aizul (Snake:1)
  2 orc warlords
  Louise (Snake:1)
  3 ghouls (Swamp:4)
  A reaper (Swamp:4)
  The ghost of Kyqifiz the Ogre Mage, a journeyman OgWz of Vehumet (Lair:5)
  3 bunyips
  A shambling mangrove (Swamp:4)
  8 eleionomae
  A fire dragon (Lair:6)
  A yaktaur captain (D:10)
  An ice dragon (Lair:6)
  2 boulder beetles
  Erolcha (D:9)
  3 salamander tyrants
  13 naga warriors
  A spriggan air mage (Swamp:4)
  Harold (Lair:1)
  19 hydras
  An ogre mage (Swamp:4)
  A catoblepas (Lair:5)
  14 anacondas
  3 two-headed ogres
  6 alligators
  A centaur warrior (D:10)
  A spriggan berserker (Swamp:4)
  2 shock serpents
  A soul eater (Swamp:4)
  15 death yaks
  9 naga sharpshooters
  4 orc high priests
  Sonja (Orc:2)
  8 spriggans
  A fire crab (Lair:6)
  5 goliath frogs
  4 swamp dragons
  7 sea snakes
  A death drake (Swamp:4)
  3 salamander mystics (Snake:4)
  3 spriggan druids
  4 naga ritualists
  7 bog bodies
  A wizard (Swamp:4)
  10 lindwurms
  A deep elf archer (D:10)
  5 orc knights
  14 mana vipers
  3 ugly things
  A deep elf pyromancer (Swamp:4)
  2 deep elf zephyrmancers
  A manticore (D:11)
  2 orc sorcerers (Orc:1)
  18 salamanders
  2 will-o-the-wisps
  8 guardian serpents
  3 ice statues (IceCv)
  23 black mambas
  6 naga magi
  33 elephants
  12 cane toads
  7 torpor snails
  A freezing wraith (D:10)
  10 rime drakes
  2 hellwings (Swamp:4)
  An anaconda simulacrum (IceCv)
  12 komodo dragons
  6 polar bears
  A troll (D:11)
  14 tyrant leeches
  18 hornets
  3 bloated husks
  15 blink frogs
  A meliai zombie (D:11)
  9 dream sheep
  The ghost of coldcut the Ruffian, an amateur TrBe of Trog (D:4)
  A shadow (D:11)
  2 wraiths
  5 wyverns
  Eustachio (D:4)
  3 basilisks
  44 yaks
  A chaos spawn (Swamp:4)
  A steam dragon (Lair:6)
  Menkaure (D:6)
  A death yak simulacrum (IceCv)
  3 vampire mosquitoes (Swamp:1)
  5 wargs
  Edmund (D:4)
  14 swamp worms
  A harpy simulacrum (IceCv)
  42 nagas
  4 acid dragons
  9 water moccasins
  5 swamp drakes
  3 ice beasts
  41 orc warriors
  3 black bears
  A sky beast (D:8)
  27 wolves
  10 ogres
  6 centaurs
  A phantom (D:5)
  2 kobold brigands
  22 bullfrogs
  An elf zombie (Ossuary)
  3 scorpions (D:5)
  A gnoll sergeant (D:7)
  A water moccasin skeleton (D:5)
  2 cane toad simulacra (IceCv)
  10 killer bees
  3 elephant simulacra (IceCv)
  7 wights
  12 electric eels
  3 howler monkeys
  2 bullfrog zombies
  A jelly (D:4)
  A lava snake (Lair:5)
  A centaur zombie (D:6)
  A human zombie (Ossuary)
  21 orc priests
  A hound (D:4)
  A centaur skeleton (D:5)
  Crazy Yiuf (D:4)
  A bullfrog skeleton (D:5)
  A gnoll shaman (D:7)
  9 iguanas
  30 orc wizards
  Natasha (thrice) (D:2)
  A killer bee zombie (D:7)
  A wolf simulacrum (IceCv)
  A hound zombie (D:5)
  2 hound skeletons
  5 mummies
  19 gnolls
  3 howler monkey skeletons
  6 adders
  13 white imps
  3 ufetubi
  2 dart slugs (D:2)
  112 orcs
  8 ball pythons
  5 endoplasms
  4 giant cockroaches
  5 goblins
  8 hobgoblins
  6 jackals
  3 quokkas (D:1)
  5 bats
  7 frilled lizards
  2 gnoll zombies (Ossuary)
  A goblin zombie (Ossuary)
  A hobgoblin zombie (Ossuary)
  A jackal zombie (Ossuary)
  20 kobolds
  2 orc zombies (Ossuary)
  5 rats
  3 rat zombies (Ossuary)
  A spectral kobold (D:3)
  A plant (Lair:5)
1059 creatures vanquished.

Vanquished Creatures (others)
  A bloated husk (Swamp:3)
  A spriggan (Swamp:4)
  A wolf (Lair:6)
  An electric eel (Snake:1)
  2 briar patches (Swamp:4)
  4 foxfires (Swamp:2)
  46 fungi
  92 plants
148 creatures vanquished.

Grand Total: 1207 creatures vanquished

Notes
Turn   | Place    | Note
-------+----------+-------------------------------------------
     0 | D:1      | TheGamechu the Minotaur Fighter began the quest for the
                  | Orb.
     0 | D:1      | Reached XP level 1. HP: 19/19 MP: 0/0
    32 | D:1      | Reached XP level 2. HP: 19/27 MP: 1/1
   239 | D:1      | Found a faded altar of an unknown god.
   246 | D:1      | Became a worshipper of Qazlal Stormbringer
   246 | D:1      | Reached * piety under Qazlal
   501 | D:1      | Reached XP level 3. HP: 33/33 MP: 2/2
   752 | D:2      | Noticed Natasha
   759 | D:2      | Killed Natasha
   774 | D:2      | Noticed Natasha
   782 | D:2      | Killed Natasha
   783 | D:2      | Reached XP level 4. HP: 32/41 MP: 3/3
   870 | D:2      | Reached ** piety under Qazlal
  1187 | D:2      | Noticed Natasha
  1192 | D:2      | Killed Natasha
  1395 | D:2      | Reached XP level 5. HP: 47/47 MP: 4/4
  1673 | D:3      | Found a hazy altar of Hepliaklqana.
  2076 | D:4      | Found a sand-covered staircase.
  2080 | D:4      | Reached skill level 5 in Fighting
  2085 | D:4      | Reached skill level 5 in Armour
  2085 | D:4      | Reached skill level 5 in Shields
  2090 | D:4      | Reached XP level 6. HP: 38/56 MP: 5/5
  2095 | Ossuary  | Entered an ossuary
  2100 | Ossuary  | Reached *** piety under Qazlal
  2389 | Ossuary  | Identified the +0 cloak "Mopig" {rN+ MP+9}
  2649 | D:4      | Noticed Edmund
  2662 | D:4      | Killed Edmund
  2663 | D:4      | Reached skill level 5 in Axes
  2663 | D:4      | Reached XP level 7. HP: 48/62 MP: 6/6
  2669 | D:4      | Noticed coldcut's ghost (amateur TrBe)
  2682 | D:4      | Noticed Eustachio
  2716 | D:4      | Killed Eustachio
  2764 | D:4      | Found a runed translucent gate.
  2764 | D:4      | Found a runed translucent gate.
  2795 | D:4      | Found a runed translucent gate.
  3072 | D:4      | Found a runed translucent door.
  3073 | D:4      | Noticed Crazy Yiuf
  3192 | D:4      | Killed coldcut's ghost
  3193 | D:4      | Reached XP level 8. HP: 56/71 MP: 7/7
  3328 | D:4      | Killed Crazy Yiuf
  3401 | D:5      | Entered Level 5 of the Dungeon
  3458 | D:5      | Reached **** piety under Qazlal
  3468 | D:5      | Reached skill level 1 in Throwing
  3964 | D:5      | Reached XP level 9. HP: 77/81 MP: 8/8
  4394 | D:5      | Identified the +2 robe "Naom" {rPois}
  4839 | D:5      | Found a staircase to the Ecumenical Temple.
  5019 | Temple   | Entered the Ecumenical Temple
  5062 | D:6      | Found a glowing silver altar of Zin.
  5260 | D:6      | Reached skill level 1 in Invocations
  5591 | D:6      | Reached ***** piety under Qazlal
  5643 | D:6      | Reached skill level 5 in Throwing
  5816 | D:6      | Noticed a green ugly thing
  5837 | D:6      | Killed a green ugly thing
  6212 | D:6      | Noticed Menkaure
  6215 | D:6      | Reached XP level 10. HP: 88/88 MP: 11/11
  6224 | D:6      | Killed Menkaure
  6674 | D:6      | Found Valew's Magic Scroll Shop.
  7079 | D:7      | Found a snail-covered altar of Cheibriados.
  7588 | D:8      | Found a staircase to the Lair.
  7597 | D:7      | Reached skill level 10 in Shields
  8246 | D:8      | Reached skill level 10 in Axes
  8597 | D:9      | Found an ornate altar of the Wu Jian Council.
  8680 | D:9      | Noticed a two-headed ogre
  8727 | D:9      | Noticed a two-headed ogre
  8736 | D:9      | Killed a two-headed ogre
  8737 | D:9      | Reached skill level 5 in Invocations
  8968 | D:9      | Killed a two-headed ogre
  8969 | D:9      | Reached XP level 11. HP: 79/94 MP: 11/14
  9220 | D:9      | Found a staircase to the Orcish Mines.
  9324 | D:9      | Noticed Erolcha
  9331 | D:9      | Killed Erolcha
  9497 | D:10     | Entered Level 10 of the Dungeon
  9982 | D:10     | Noticed an orc knight
  9982 | D:10     | Noticed a centaur warrior
  9984 | D:10     | Noticed a boulder beetle
  9987 | D:10     | Killed an orc knight
 10046 | D:10     | Killed a centaur warrior
 10109 | D:10     | Killed a boulder beetle
 10410 | D:10     | Noticed a deep elf archer
 10411 | D:10     | Noticed a yaktaur captain
 10414 | D:10     | Killed a deep elf archer
 10414 | D:10     | Noticed a deep elf zephyrmancer
 10416 | D:10     | Killed a deep elf zephyrmancer
 10421 | D:10     | Killed a yaktaur captain
 10424 | D:10     | Identified the +5 trident "Hecress" {freeze, +Rage rC-
                  | Dex+6}
 10428 | D:10     | Identified the ring "Hiojefei" {rN+ Dex+3}
 11211 | Lair:1   | Entered Level 1 of the Lair of Beasts
 11236 | Lair:1   | Noticed Harold
 11242 | Lair:1   | Killed Harold
 11283 | Lair:1   | Reached XP level 12. HP: 65/105 MP: 9/15
 11324 | Lair:1   | Found a frozen archway.
 11347 | IceCv    | Entered an ice cave
 11807 | IceCv    | Reached skill level 10 in Fighting
 12715 | Lair:1   | Found the +4 skin of Zhor {*Englaciate rC+++ SInv}
 13274 | Lair:2   | Noticed a six-headed hydra
 13277 | Lair:2   | Reached skill level 10 in Throwing
 13283 | Lair:2   | Killed a six-headed hydra
 13446 | Lair:2   | Reached ****** piety under Qazlal
 13493 | Lair:2   | Reached XP level 13. HP: 113/116 MP: 16/16
 14094 | Lair:2   | Identified the +5 long sword of Bright True Grit {freeze,
                  | Fragile rElec rC- Will++}
 14412 | Lair:3   | Found a staircase to the Swamp.
 15408 | Lair:3   | You fall into a shaft and drop 3 floors!
 15408 | Lair:6   | Entered Level 6 of the Lair of Beasts
 15811 | Lair:6   | Found a runed translucent door.
 15854 | Lair:6   | Reached skill level 15 in Shields
 15857 | Lair:6   | Reached XP level 14. HP: 99/127 MP: 8/17
 16487 | Lair:6   | Reached skill level 15 in Axes
 17554 | Lair:6   | Found a viscous altar of Jiyva.
 17555 | Lair:6   | Found a staircase to the Slime Pits.
 18351 | Lair:5   | Noticed Kyqifiz's ghost (journeyman OgWz)
 18554 | Lair:5   | Found a runed translucent door.
 18644 | Lair:4   | Reached XP level 15. HP: 122/138 MP: 18/20
 18983 | Lair:4   | Found a staircase to the Snake Pit.
 19347 | Lair:4   | Reached skill level 1 in Evocations
 21147 | Lair:5   | Killed Kyqifiz's ghost
 21475 | Orc:1    | Entered Level 1 of the Orcish Mines
 21558 | Orc:2    | Entered Level 2 of the Orcish Mines
 21907 | Orc:2    | Found a staircase to the Elven Halls.
 22012 | Orc:2    | Noticed an orc warlord
 22051 | Orc:1    | Killed an orc warlord
 22279 | Orc:2    | Found Quzur's Armour Shop.
 22279 | Orc:2    | Noticed Sonja
 22289 | Orc:2    | Killed Sonja
 22512 | Orc:1    | Found Quenlag's Weapon Boutique.
 22893 | Orc:2    | Noticed an orc warlord
 22909 | Orc:2    | Killed an orc warlord
 22910 | Orc:2    | Reached skill level 15 in Fighting
 23216 | Orc:2    | Found Semoar's Armour Shop.
 23413 | Orc:2    | Found Burotunt's Antique Armour Boutique.
 23415 | Orc:2    | Found Ypsoni's Antique Weapon Shop.
 23428 | Orc:2    | Bought a crude plate armour for 868 gold pieces
 23428 | Orc:2    | Identified the +1 plate armour "Mayppe" {rN+} (You bought
                  | it in a shop on level 2 of the Orcish Mines)
 23428 | Orc:2    | Bought a glowing plate armour for 806 gold pieces
 23671 | Orc:2    | Found Xeerod Syxu's Assorted Antiques.
 23676 | Orc:2    | Bought a sedimented brown potion for 28 gold pieces
 23751 | Orc:2    | Bought a wand of iceblast (10) for 128 gold pieces
 23751 | Orc:2    | Bought a lightning rod (4/4) for 960 gold pieces
 23996 | Snake:1  | Entered Level 1 of the Snake Pit
 23996 | Snake:1  | Noticed Frances
 24005 | Lair:4   | Killed Frances
 24830 | Snake:1  | Reached skill level 5 in Evocations
 24830 | Snake:1  | Reached XP level 16. HP: 142/149 MP: 12/21
 25210 | Snake:1  | Noticed Louise
 25498 | Snake:1  | Killed Louise
 26006 | Snake:1  | Noticed Aizul
 26044 | Snake:1  | Killed Aizul
 28176 | Snake:2  | Found Mehemaixt's Distillery.
 28184 | Snake:2  | Bought a potion of curing for 45 gold pieces
 28184 | Snake:2  | Bought a potion of heal wounds for 75 gold pieces
 28184 | Snake:2  | Bought a potion of curing for 45 gold pieces
 28184 | Snake:2  | Bought a potion of heal wounds for 75 gold pieces
 28241 | Snake:2  | Found a transporter.
 28245 | Snake:2  | Found a transporter.
 28246 | Snake:2  | Found a bloodstained altar of Trog.
 28373 | Snake:2  | Noticed Urokeeper's ghost (adept MiFi)
 29552 | Snake:3  | Found Wohaucs's Magic Scroll Shoppe.
 29560 | Snake:3  | Bought a scroll of enchant weapon for 150 gold pieces
 29718 | Snake:4  | Entered Level 4 of the Snake Pit
 29735 | Snake:4  | Reached XP level 17. HP: 100/160 MP: 17/22
 29874 | Snake:4  | Identified a scroll of acquirement
 29874 | Snake:4  | Acquired a manual of Evocations
 30333 | Snake:4  | Reached skill level 15 in Throwing
 30560 | Snake:4  | Got a serpentine rune of Zot
 31317 | Swamp:1  | Entered Level 1 of the Swamp
 31384 | Swamp:1  | Noticed Donald
 31398 | Lair:3   | Killed Donald
 31537 | Swamp:1  | Reached skill level 10 in Evocations
 32325 | Swamp:2  | Acquired the +0 buckler "Baol" {rElec Will+++ Str-3 SInv}
 33051 | Swamp:4  | Entered Level 4 of the Swamp
 33057 | Swamp:4  | Reached skill level 10 in Armour
 33057 | Swamp:4  | Reached XP level 18. HP: 171/171 MP: 23/23
 33836 | Swamp:4  | Noticed a tentacled monstrosity
 33854 | Swamp:4  | Killed a tentacled monstrosity
 33866 | Swamp:4  | HP: 6/172 [bunyip (23)]
 33869 | Swamp:4  | Slain by a sixfirhy

Illustrated notes

Levels and vault maps discovered:
D:1:      erik_arrival_triangle_small, layout_basic,
          hellmonk_ecumenical_altar_blasted
D:2:      layout_loops_cross, uniq_natasha
D:3:      layout_basic, nicolae_hepliaklqana_monster_ancestors,
          grunt_ministairs_6
D:4:      layout_cave_pools, gammafunk_ghost_split, enter_ossuary_5,
          minivault_1, uniq_edmund, uniq_crazy_yiuf_cottage, uniq_eustachio
D:5:      minmay_polygon_palace, layout_basic, minmay_temple_entry_poolview
D:6:      layout_layer_cave, lemuel_doored_altar, serial_shops,
          nicolae_shop_behind_doors, eino_tiny_chamber,
          minmay_a_box_with_orc_wizards_in_it, uniq_menkaure
D:7:      layout_loops_ring, slow_altar_1
D:8:      layout_rooms, erik_lair_orcish_takeover
D:9:      layout_roguey, nzn_wu_jian_contemplation, erik_orc_2, uniq_erolcha
D:10:     minmay_shrinking_squares, layout_basic
D:11:     layout_loops_cross
Temple:   nicolae_temple_no_exploring_needed
Lair:1:   layout_cave_pods, portal_ice_cave_entry_imps,
          hellmonk_guarded_unrand_zhor, grunt_megastairs_1, uniq_harold
Lair:2:   layout_big_grid, gammafunk_lair_bear_cave, grunt_megastairs_4
Lair:3:   layout_chaotic_city, palyth_hydra_swamp_entry, serial_bayou_shore_b
Lair:4:   beast_lair_carwin_large_2, layout_regular_city,
          guppyfry_snake_entry_garden, lemuel_fruit_tree
Lair:5:   layout_gridlike, hellmonk_ghost_happy_afterlife, minmay_hedge_maze,
          beast_lair_carwin_7
Lair:6:   wormcave, layout_regular_city, guppyfry_lair_end_dragon,
          slime_altar_1, lookout_lair_type, grunt_megastairs_2
Swamp:1:  layout_basic_swamp, serial_swamp_ruin, evilmike_swamp_ruin_rubble_1,
          evilmike_swamp_ruin_rubble_2, evilmike_swamp_ruin_wall,
          infiniplex_staircase_pool, uniq_donald
Swamp:2:  layout_basic_swamp, hangedman_swamp_cone
Swamp:3:  layout_basic_swamp, evilmike_swamp_ruin_house_1
Swamp:4:  nzn_swamp_witches_coven, layout_basic_swamp
Snake:1:  layout_basic, st_stairs_12, uniq_louise, uniq_roxanne, uniq_aizul,
          uniq_frances
Snake:2:  layout_misc_corridors, gammafunk_ghost_wrathful_warriors,
          grunt_ministairs_1, nicolae_stop_n_shop_1,
          nrook_guardian_serpent_double
Snake:3:  layout_rooms, serial_bayou_shore_a, grunt_megastairs_5,
          minmay_shop_star
Snake:4:  snake_pit_salamanders_mu, layout_misc_corridors, serial_bayou_shore_b,
          serial_bayou_shore_b
Orc:1:    nicolae_orc_accident_3, layout_caves, serial_shops, shop
Orc:2:    grunt_orc_community_town_hall, layout_diamond_mine,
          grunt_orc_community_big_house_2, grunt_orc_community_big_house_2,
          grunt_orc_community_house_1, grunt_orc_community_house_2,
          grunt_orc_community_house_2, grunt_orc_community_house_2,
          serial_shops, nicolae_shop_stone, nicolae_orc_damp_corner, uniq_sonja

Skill      XL: |  1  2  3  4  5  6  7  8  9 10 11 12 13 14 15 16 17 18 |
---------------+-------------------------------------------------------+-----
Fighting       | 4 5 6 8 9 11 12 14 15 16 17 18 | 18.3
Armour         | 4 5 6 10 11 | 11.0
Shields        | 4 5 6 8 9 11 12 13 15 | 15.0
Axes           | 3 4 5 6 7 9 10 11 13 14 15 16 18 | 18.0
Throwing       | 3 5 7 8 10 11 12 13 14 15 16 | 16.0
Invocations    | 3 5 6 8 |  8.0
Evocations     | 5 7 10 11 | 11.9

Action                   |  1- 3 |  4- 6 |  7- 9 | 10-12 | 13-15 | 16-18 || total
-------------------------+-------+-------+-------+-------+-------+-------++-------
Melee: War axe           |    52 |    75 |    38 |    66 |       |       ||   231
       Headbutt          |     9 |    32 |    78 |   140 |   282 |   194 ||   735
       Flail             |       |    85 |   226 |     9 |    52 |    18 ||   390
       Broad axe         |       |       |       |   369 |   687 |   660 ||  1716
Throw: Stone             |       |     3 |       |       |       |       ||     3
       Boomerang         |       |       |     8 |    67 |   132 |   368 ||   575
       Javelin           |       |       |       |       |       |     2 ||     2
       Throwing net      |       |       |       |       |       |     2 ||     2
Invok: Disaster Area     |       |       |     1 |       |     1 |       ||     2
       Upheaval          |       |       |       |     1 |    16 |    12 ||    29
       Elemental Force   |       |       |       |       |       |     1 ||     1
Evoke: Wand              |       |       |       |    21 |     1 |     4 ||    26
       Condenser vane    |       |       |       |       |     2 |     3 ||     5
       Lightning rod     |       |       |       |       |     2 |     5 ||     7
  Use: Scroll            |     1 |    11 |     3 |    10 |     2 |     9 ||    36
       Potion            |       |       |       |     3 |     5 |     4 ||    12
 Stab: Distracted        |       |       |       |     6 |    18 |    15 ||    39
       Confused          |       |       |       |       |       |     1 ||     1
Armor: Scale mail        |     4 |       |       |       |       |       ||     4
       Plate armour      |    26 |    74 |   132 |   115 |   231 |   239 ||   817
Dodge: Dodged            |    10 |    18 |    46 |    51 |    88 |    90 ||   303
       Repelled          |       |       |     1 |     3 |     3 |    19 ||    26
Block: Kite shield       |    24 |   141 |   272 |   396 |   678 |   681 ||  2192
